 Dungeon Crawl Stone Soup version 0.18.1-8-gdd0e5ea (webtiles) character file.

3948 juanjsm the Covert (level 10, -5/49 HPs)
             Began as a Spriggan Enchanter on June 1, 2016.
             Was a Follower of Ashenzari.
             Killed by the air
             ... invoked by Gastronok
              (31 damage)
             ... on level 8 of the Dungeon.
             The game lasted 00:36:21 (7430 turns).

juanjsm the Covert (Spriggan Enchanter)             Turns: 7430, Time: 00:36:22

Health: -5/49      AC:  4    Str:  2    XL:     10   Next: 2%
Magic:  2/25       EV: 23    Int: 19    God:    Ashenzari [*.....]
Gold:   269        SH:  0    Dex: 18    Spells: 4 memorised, 15 levels left

rFire  . . .     SeeInvis +     q - +2 dagger (venom)
rCold  . . .     Gourm    .     x - +1 robe {rN+}
rNeg   + + .     Faith    .     (shield restricted)
rPois  .         Spirit   .     (helmet restricted)
rElec  .         Dismiss  .     k - +0 cloak (curse)
rCorr  .         Reflect  .     (gloves unavailable)
SustAt .         Harm     .     (boots unavailable)
MR     +....                    s - amulet of magic regeneration (curse)
Stlth  ++++++....               (no ring)
                                w - ring of positive energy

@: very quick, somewhat resistant to hostile enchantments, very stealthy
A: unfitting armour, see invisible, herbivore 3, speed 3, high mp 1, slow
metabolism 2, weak 1, wild magic 1
a: Curse Item, Scrying, Renounce Religion


You were on level 8 of the Dungeon.
You worshipped Ashenzari.
Ashenzari was aware of your devotion.
You were full.

You visited 2 branches of the dungeon, and saw 9 of its levels.

You collected 390 gold pieces.
You spent 121 gold pieces at shops.

Inventory:

Hand Weapons
 q - a +2 dagger of venom (weapon)
Armour
 b - a +1 robe
 k - a cursed +0 cloak (worn)
 x - a +1 robe of positive energy (worn)
 y - a +0 buckler
Magical Staves
 H - an uncursed staff of power
Jewellery
 s - a cursed amulet of magic regeneration (around neck)
 w - a ring of positive energy (left hand)
 F - an uncursed amulet of harm
Wands
 B - a wand of paralysis (10/24)
 D - a wand of disintegration (13/24)
 I - a wand of paralysis (11/24)
Scrolls
 f - a scroll of magic mapping {unknown}
 g - 4 scrolls of identify
 h - 3 scrolls of remove curse
 i - 4 scrolls of enchant weapon {unknown}
 j - 2 scrolls of enchant armour {unknown}
 l - 3 scrolls of amnesia {unknown}
 m - a scroll of blinking {unknown}
 n - 3 scrolls of random uselessness {unknown}
 o - 3 scrolls of fog {unknown}
 r - 2 scrolls of noise {unknown}
 v - 4 scrolls of teleportation
 z - a scroll of fear {unknown}
 G - a scroll of vulnerability {unknown}
Potions
 e - a potion of haste
 p - 2 potions of magic
 t - 2 potions of heal wounds
 u - a potion of flight
 A - a potion of lignification
 C - 2 potions of brilliance
 E - 2 potions of might
 J - a potion of cure mutation
 K - a potion of agility {unknown}
Books
 a - a book of the Dragon

   Spells                             Type                      Level
   a - Flame Tongue                   Conjuration/Fire             1
   b - Cause Fear                     Hexes                        4
   c - Bolt of Fire                   Conjuration/Fire             6
   d - Dragon Form                    Transmutation                7
   e - Dragon's Call                  Summoning                    9
 c - a book of Maledictions

   Spells                             Type                      Level
   a - Corona                         Hexes                        1
   b - Ensorcelled Hibernation        Hexes/Ice                    2
   c - Confuse                        Hexes                        3
   d - Tukima's Dance                 Hexes                        3
   e - Dazzling Spray                 Conjuration/Hexes            3
Comestibles
 d - 4 bread rations


   Skills:
 * Level 3.8 Fighting
 * Level 5.1 Short Blades
 * Level 7.2 Dodging
 * Level 12.9 Stealth
 * Level 2.4 Shields
 * Level 7.9 Spellcasting
 * Level 1.5 Conjurations
 + Level 6.1 Hexes
 - Level 0.2 Ice Magic


You had 15 spell levels left.
You knew the following spells:

 Your Spells              Type           Power        Failure   Level  Hunger
a - Corona                Hex            #####..      1%          1    None
b - Ensorcelled Hibernat  Hex/Ice        ####..       8%          2    None
c - Confuse               Hex            #####...     3%          3    None
d - Dazzling Spray        Conj/Hex       ####....     12%         3    None


Dungeon Overview and Level Annotations

Branches:
Dungeon (8/15)             Temple (1/1) D:7            Lair (0/8) D:8

Altars:
Ashenzari
Cheibriados
Dithmenos
Elyvilon
Fedhas
Gozag
Kikubaaqudgha
Makhleb
Nemelex Xobeh
Okawaru
Pakellas
Ru
Sif Muna
Xom
Zin
The Shining One

Shops:
D:4 ?[[[[

Annotations:
D:2 Natasha
D:8 Gastronok


Innate Abilities, Weirdness & Mutations

You are tiny and cannot use many weapons and most armour.
You have supernaturally acute eyesight.
You are a herbivore.
You cover ground extremely quickly.
You need consume almost no food.
You have an increased reservoir of magic (+10% MP).
You are weak. (Str -2)
Your spells are a little harder to cast, but a little more powerful.


Message History

Aiming: Confuse
Press: ? - help, Shift-Dir - straight line, f/p - Gastronok
Aim: Gastronok, wearing a runed hat (chance to defeat MR: 2%) Gastronok resists with almost no effort.
Casting: Confuse
Confirm with . or Enter, or press ? or * to list all spells.
Aiming: Confuse
Press: ? - help, Shift-Dir - straight line, f/p - Gastronok
Aim: Gastronok, wearing a runed hat (chance to defeat MR: 2%) Gastronok resists with almost no effort.
Casting: Confuse
Confirm with . or Enter, or press ? or * to list all spells.
Aiming: Confuse
Press: ? - help, Shift-Dir - straight line, f/p - Gastronok
Aim: Gastronok, wearing a runed hat (chance to defeat MR: 2%) Gastronok resists with almost no effort.
Gastronok waves his eye-stalks in wide circles.
The air twists around and strikes you!
Ouch! That really hurt!
You die...

#...$...... #..# #.........
#..# #........ #..#
##....w.... #..#
#.....#.#'# #..#
#.#####.#.# #..# #.# #.#.#
#..# #.# #.#.# #..# #.#
#@#.# #..# #.#
#.#.#########..##
#####.#####.......).......#
#........####.#########.###
#........'....#.......#.#
#........######.#####.#.#
#.....).......#.# #.#.#
#.........##.##.# #.#.#
#.......†.##.##.# #.#.#


You could see Gastronok.

Vanquished Creatures
  The ghost of dvd the Shield-Bearer, a novice GrFi (D:5)
  Grinder (D:3)
  Prince Ribbit (D:7)
  5 orc warriors
  An ice beast (D:7)
  2 sky beasts
  A necrophage (D:7)
  An ogre (D:5)
  3 phantoms
  3 centaurs
  2 giant frogs
  5 howler monkeys
  6 crimson imps
  2 giant frog zombies (D:8)
  4 hounds
  2 jellies (D:7)
  A centaur skeleton (D:8)
  5 orc priests
  Crazy Yiuf (D:5)
  11 orc wizards
  2 giant frog skeletons
  2 iguanas
  Natasha (D:2)
  4 worker ants
  A hound zombie (D:6)
  4 hound skeletons
  4 gnolls
  10 adders
  2 shadow imps (D:7)
  2 oozes
  An adder zombie (D:5)
  2 worms
  4 dart slugs
  5 giant geckos
  20 orcs
  7 bats
  A bat zombie (D:7)
  3 giant cockroaches
  2 goblins (D:2)
  8 hobgoblins
  2 jackals (D:4)
  4 quokkas
  3 ball pythons
  2 giant gecko skeletons
  A giant gecko zombie (D:5)
  7 giant newts
  5 kobolds
  11 rats
  4 rat zombies (D:7)
182 creatures vanquished.

Vanquished Creatures (others)
  A quokka (D:4)
1 creature vanquished.

Grand Total: 183 creatures vanquished

Notes
Turn   | Place    | Note
--------------------------------------------------------------
     0 | D:1      | juanjsm the Spriggan Enchanter began the quest for the Orb.
     0 | D:1      | Reached XP level 1. HP: 9/9 MP: 5/5
   144 | D:1      | Reached XP level 2. HP: 10/13 MP: 6/6
   148 | D:1      | Learned a level 2 spell: Ensorcelled Hibernation
   765 | D:2      | Reached XP level 3. HP: 16/16 MP: 2/8
   801 | D:2      | Reached skill level 5 in Stealth
   806 | D:2      | Learned a level 3 spell: Confuse
   908 | D:2      | Noticed Natasha
   934 | D:2      | Killed Natasha
  1136 | D:2      | Reached XP level 4. HP: 21/21 MP: 9/9
  1141 | D:2      | Learned a level 3 spell: Dazzling Spray
  1189 | D:3      | Reached skill level 6 in Stealth
  1202 | D:2      | Found a shadowy altar of Dithmenos.
  1215 | D:3      | Found a shattered altar of Ashenzari.
  1281 | D:3      | Became a worshipper of Ashenzari the Shackled
  1596 | D:2      | Noticed Natasha
  1662 | D:3      | Reached XP level 5. HP: 25/25 MP: 6/10
  1752 | D:3      | Noticed Grinder
  1827 | D:5      | Entered Level 5 of the Dungeon
  2363 | D:3      | Killed Grinder
  2363 | D:3      | Reached skill level 1 in Fighting
  2363 | D:3      | Reached skill level 7 in Stealth
  2363 | D:3      | Reached XP level 6. HP: 19/30 MP: 8/13
  3148 | D:4      | Reached skill level 5 in Dodging
  3148 | D:4      | Reached skill level 8 in Stealth
  3148 | D:4      | Reached skill level 5 in Spellcasting
  3148 | D:4      | Reached XP level 7. HP: 26/34 MP: 4/15
  3372 | D:4      | Found Hebbucon's Armour Emporium.
  3421 | D:4      | Found Imohud's Magic Scroll Shop.
  3434 | D:4      | Bought a scroll of identify for 24 gold pieces
  3434 | D:4      | Bought a scroll of teleportation for 36 gold pieces
  3458 | D:4      | Found Reuq's Antique Armour Shoppe.
  3489 | D:4      | Found a white marble altar of Elyvilon.
  3518 | D:4      | Found a shimmering altar of Xom.
  3632 | D:4      | Found Meiclian's Antique Armour Shoppe.
  3638 | D:4      | Bought a runed robe for 16 gold pieces
  3734 | D:4      | Found Gohoa's Armour Emporium.
  3737 | D:4      | Bought a +0 buckler for 45 gold pieces
  4093 | D:5      | Found a glowing golden altar of the Shining One.
  4127 | D:5      | Reached skill level 9 in Stealth
  4170 | D:5      | Reached XP level 8. HP: 33/39 MP: 17/17
  4202 | D:5      | Noticed dvd's ghost (novice GrFi)
  4241 | D:5      | Reached * piety under Ashenzari
  4624 | D:5      | Killed dvd's ghost
  4624 | D:5      | Reached skill level 10 in Stealth
  4624 | D:5      | Reached skill level 1 in Shields
  4624 | D:5      | Reached skill level 5 in Hexes
  4757 | D:5      | Noticed Crazy Yiuf
  4763 | D:5      | Killed Crazy Yiuf
  4848 | D:5      | Gained mutation: You are weak. (Str -2) [potion of mutation]
  4848 | D:5      | Gained mutation: You have an increased reservoir of magic (+10% MP). [potion of mutation]
  4848 | D:5      | Gained mutation: Your spells are a little harder to cast, but a little more powerful. [potion of mutation]
  4886 | D:6      | Reached skill level 11 in Stealth
  5004 | D:6      | Found a sparkling altar of Nemelex Xobeh.
  5237 | D:6      | Found a glowing golden altar of the Shining One.
  5328 | D:6      | Reached XP level 9. HP: 44/44 MP: 18/21
  5850 | D:8      | Found a blossoming altar of Fedhas.
  5905 | D:7      | Reached skill level 12 in Stealth
  5976 | D:7      | Noticed Prince Ribbit
  5979 | D:7      | Killed Prince Ribbit
  6017 | D:7      | Found an ancient bone altar of Kikubaaqudgha.
  6228 | D:7      | Found a staircase to the Ecumenical Temple.
  6290 | Temple   | Entered the Ecumenical Temple
  6640 | D:7      | Found a snail-covered altar of Cheibriados.
  6647 | D:7      | Reached skill level 1 in Conjurations
  6648 | D:7      | Found a shadowy altar of Dithmenos.
  6649 | D:7      | Found a white marble altar of Elyvilon.
  6651 | D:7      | Found an opulent altar of Gozag.
  6766 | D:8      | Noticed a cyclops
  6771 | D:8      | Found a staircase to the Lair.
  6916 | D:8      | Reached skill level 5 in Short Blades
  6943 | D:8      | Noticed a komodo dragon
  7220 | D:8      | Reached XP level 10. HP: 44/49 MP: 21/24
  7334 | D:8      | Noticed Gastronok
  7430 | D:8      | Killed from afar by Gastronok

Skill      XL: |  1  2  3  4  5  6  7  8  9 |
---------------+----------------------------+-----
Hexes          | 4 5 6 |  6.1
Spellcasting   | 3 4 5 6 7 |  7.9
Stealth        | 5 6 7 8 9 11 12 | 12.9
Dodging        | 4 5 6 7 |  7.2
Fighting       | 1 2 3 |  3.8
Short Blades   | 2 3 4 5 |  5.1
Shields        | 1 2 |  2.4
Conjurations   | 1 |  1.5
Ice Magic      | |  0.2

Action                   |  1- 3 |  4- 6 |  7- 9 | 10-12 || total
-------------------------+-------+-------+-------+-------++-------
Melee: Dagger            |    70 |    94 |   232 |     6 ||   402
 Cast: Corona            |     6 |       |       |       ||     6
       Ensorcelled Hiber |    13 |    44 |    88 |       ||   145
       Confuse           |     1 |    12 |    34 |    12 ||    59
       Dazzling Spray    |       |       |     2 |       ||     2
Invok: Curse Item        |       |     2 |       |       ||     2
  Use: Scroll            |       |     5 |     5 |       ||    10
       Potion            |       |       |     2 |       ||     2
 Stab: Sleeping          |    16 |    36 |    78 |       ||   130
       Confused          |     1 |     4 |    18 |       ||    23
       Distracted        |       |       |     3 |       ||     3
  Eat: Pizza             |       |     1 |       |       ||     1
       Bread ration      |       |     1 |     1 |       ||     2
Armor: Robe              |    11 |     5 |    10 |       ||    26
Dodge: Dodged            |    55 |    72 |   139 |     4 ||   270
